 Dungeon Crawl Stone Soup version 0.30-a0-715-gdb4ae3ece1 (webtiles) character file.

Game seed: 7756202213548704051

241 Newt the Chucker (level 5, 0/42 HPs)
             Began as a Demonspawn Gladiator on Jan 23, 2023.
             Succumbed to a hornet's poison
             ... on level 4 of the Dungeon.
             The game lasted 00:03:39 (3489 turns).

Newt the Chucker (Demonspawn Gladiator)             Turns: 3489, Time: 00:03:39

Health: 0/42       AC:  9    Str: 17    XL:     5   Next: 80%
Magic:  5/5        EV: 12    Int:  9    God:
Gold:   147        SH:  0    Dex: 14    Spells: 4/4 levels left

rFire   + . .      SeeInvis .    t - +1 flail (protect)
rCold   . . .      Faith    .    o - orb {light}
rNeg    . . .      Spirit   .    b - +1 leather armour
rPois   .          Reflect  .    c - +0 helmet
rElec   .          Harm     .    v - +0 cloak
rCorr   .          Rampage  .    (no gloves)
Will    .....                    (no boots)
Stlth   +                        (no amulet)
HPRegen 0.27/turn                r - ring of protection from fire
MPRegen 0.09/turn                (no ring)

@: brilliant, lethally poisoned (0 -> -18), hasted and slowed, glowing
A: thin metallic scales 2, weakness stinger 1
a: no special abilities


You were on level 4 of the Dungeon.
You visited 1 branch of the dungeon, and saw 4 of its levels.

You collected 147 gold pieces.

Inventory:

Hand Weapons
 a - a +0 rapier
 j - a +0 dagger of freezing
 t - a +1 flail of protection (weapon)
Missiles
 d - 2 throwing nets
 e - a javelin
 g - 9 boomerangs (quivered)
 k - 3 poisoned darts
 l - 2 curare-tipped darts
Armour
 b - a +1 leather armour (worn)
 c - a +0 helmet (worn)
 o - an orb of light (worn)
 v - a +0 cloak (worn)
Jewellery
 r - a ring of protection from fire (left hand)
Wands
 f - a wand of light (9)
 p - a wand of charming (3)
Scrolls
 s - a scroll of immolation {unknown}
Potions
 h - a potion of berserk rage {unknown}
 i - a potion of curing {unknown}
 m - a potion of brilliance
 n - a potion of lignification {unknown}
 q - 2 potions of haste
 u - a potion of resistance {unknown}


   Skills:
 - Level 4.0 Fighting
 - Level 2.6 Short Blades
 + Level 4.1 Throwing
 - Level 2.6 Dodging
 - Level 2.0 Stealth


You had 4 spell levels left.
You didn't know any spells.
Your spell library contained the following spells:

 Spells                   Type           Power      Damage    Failure   Level
 Beastly Appendage        Tmut           0%         N/A       45%         1
 Sublimation of Blood     Necr           0%         N/A       58%         2
 Wereblood                Tmut           0%         N/A       58%         2
 Spider Form              Tmut/Pois      0%         N/A       83%         3
 Summon Hydra             Summ           0%         N/A       100%        7


Dungeon Overview and Level Annotations

Branches:
Dungeon (4/15)
 Temple: D:4-7

Altars:
Kikubaaqudgha
Qazlal
Trog
Yredelemnul


Innate Abilities, Weirdness & Mutations

You are mostly covered in thin metallic scales. (AC +3)
You have a small tail.


Message History

Okay, then.
Okay, then.
Throw: 9 boomerangs
Press: ? - help, Q - select action, (/) - cycle Shift-Dir - straight line, f - hornet
Aim: a hornet (haloed, 66% to hit)
You throw a boomerang.
The boomerang closely misses the hornet.
Throw: 9 boomerangs
Press: ? - help, Q - select action, (/) - cycle Shift-Dir - straight line, f/p - hornet
Aim: a hornet (haloed, 66% to hit)
You throw a boomerang.
The boomerang hits the hornet but does no damage.
The hornet misses you.
You hit the hornet but do no damage.
Your weapon exudes an aura of protection.
Your tail-slap misses the hornet.
The hornet stings you!
You feel yourself slow down. The hornet stings you.
You are poisoned.
You suddenly lose the ability to move!
You feel sick. The hornet stings you.
You are more poisoned.
You feel as though you will be slow longer.
The hornet stings you but does no damage.
You feel very sick. The hornet stings you!
You are more poisoned.
You feel as though you will be slow longer.
You can move again.
Unknown command.
Unknown command.
It was a potion of haste.
You feel yourself speed up.
* * * LOW HITPOINT WARNING * * *
You feel extremely sick. The hornet stings you.
* * * LOW HITPOINT WARNING * * *
You feel as though you will be slow longer.
The hornet barely misses you.
It was a potion of brilliance.
You feel clever all of a sudden.
You die...

## ...###
.....########## #
#>.........## #.
###....####...
##.### ###...##.#
#...
#.....###...####.#
#.#. #.#.#.....###
..# #.##
......y@..# .##
#.# ..#.#...$.# ..
#.# #............
.. ...
##..........## #.#
###$#####...# ..#
#. #..# ### . ....
.. ....


You could see a hornet.

Vanquished Creatures
  A scorpion (D:3)
  A hound (D:3)
  Natasha (twice) (D:3)
  A gnoll (D:1)
  An adder (D:2)
  2 dart slugs
  6 orcs
  5 ball pythons
  9 bats
  7 endoplasms
  2 giant cockroaches (D:1)
  7 goblins
  8 hobgoblins
  3 kobolds (D:1)
  6 quokkas
  2 frilled lizards (D:1)
  10 rats
73 creatures vanquished.

Vanquished Creatures (others)
  A human (D:3)
1 creature vanquished.

Grand Total: 74 creatures vanquished

Notes
Turn   | Place    | Note
-------+----------+-------------------------------------------
     0 | D:1      | Newt the Demonspawn Gladiator began the quest for the Orb.
     0 | D:1      | Reached XP level 1. HP: 16/16 MP: 1/1
    52 | D:1      | Reached skill level 1 in Stealth
   224 | D:1      | Gained mutation: You have a small tail. [demonic ancestry]
   224 | D:1      | Reached XP level 2. HP: 21/22 MP: 2/2
   565 | D:1      | Reached XP level 3. HP: 28/28 MP: 3/3
  1088 | D:1      | You fall into a shaft and drop 1 floor!
  1402 | D:2      | Found a basalt altar of Yredelemnul.
  1554 | D:1      | Gained mutation: You are partially covered in thin metallic
                  | scales. (AC +2) [demonic ancestry]
  1554 | D:1      | Reached XP level 4. HP: 34/37 MP: 4/4
  2247 | D:3      | Found a stormy altar of Qazlal.
  2891 | D:3      | Found an ancient bone altar of Kikubaaqudgha.
  2892 | D:3      | Noticed a human
  2896 | D:3      | Killed a human
  2976 | D:3      | Found a bloodstained altar of Trog.
  3046 | D:3      | Noticed Natasha
  3053 | D:3      | Killed Natasha
  3054 | D:3      | Gained mutation: You are mostly covered in thin metallic
                  | scales. (AC +3) [demonic ancestry]
  3054 | D:3      | Reached XP level 5. HP: 23/42 MP: 5/5
  3134 | D:3      | Noticed Natasha
  3142 | D:3      | Killed Natasha
  3481 | D:4      | Noticed a hornet
  3485 | D:4      | Paralysed by a hornet for 3 turns
  3489 | D:4      | Succumbed to a hornet's poison

Illustrated notes

Levels and vault maps discovered:
D:1:      dpeg_arrival_oval, layout_basic, minmay_close_crescents
D:2:      layout_basic, basic_altar
D:3:      layout_basic, tgw_kikubaaqudgha, mainiacjoe_overflow_six_doors_small,
          marbit_many_paths, chequers_serial_rivers_small_3, uniq_natasha
D:4:      layout_rooms, nicolae_overflow_crystal_walls,
          minmay_temple_entry_large_hall, serial_glass, glass_columns_a,
          glass_columns_a, glass_columns_a, glass_columns_a, glass_columns_a,
          glass_columns_a, item_on_display_b, minmay_misc_feat_plants,
          minivault_4

Skill      XL: |  1  2  3  4  5 |
---------------+----------------+-----
Stealth        | 1 2 |  2.0
Fighting       | 3 4 |  4.0
Throwing       | 3 4 |  4.1
Short Blades   | |  2.6
Dodging        | |  2.6

Action                     |  1- 3 |  4- 6 || total
---------------------------+-------+-------++-------
  Melee: Rapier            |    61 |       ||    61
         Dagger            |    51 |    71 ||   122
         Tailslap          |     6 |    20 ||    26
         Flail             |       |    36 ||    36
  Throw: Throwing net      |     1 |     1 ||     2
         Boomerang         |       |     2 ||     2
    Use: Scroll            |       |     4 ||     4
         Potion            |       |     2 ||     2
   Stab: Sleeping          |     3 |       ||     3
         Held in net/web   |     1 |     1 ||     2
 Armour: Leather armour    |    39 |    57 ||    96
  Dodge: Dodged            |    67 |   102 ||   169

Table legend: (Time is in decaauts)
 A = Elapsed time spent in this place.
 B = Non-inter-level travel time spent in this place.
 C = Inter-level travel time spent in this place.
 D = Time resting spent in this place.
 E = Time spent auto-exploring this place.
 F = Levels seen in this place.
 G = Mean time per level.
                   A        B        C        D        E       F      G
               +--------+--------+--------+--------+--------+-----+--------+
         Total |   3494 |   3354 |    140 |    550 |   2257 |   4 |  873.5 |
       Dungeon |   3494 |   3354 |    140 |    550 |   2257 |   4 |  873.5 |
               +--------+--------+--------+--------+--------+-----+--------+

Top non-repeatable levels by time:
     D:3: 1413 daAuts
     D:1: 1410 daAuts
     D:2: 579 daAuts
     D:4: 91 daAuts
